[Event "Late-Titled-Tuesday-Blitz-November-28-2023"]
[Site "Chess.com"]
[Date "2023.11.28"]
[Round "7"]
[White "GHANDEEVAM2003"]
[Black "ThePeacefulPanda"]
[Result "1-0"]
[WhiteElo "3116"]
[BlackElo "2564"]
[TimeControl "180+1"]
[EndTime "15:10:59 PST"]
[Termination "GHANDEEVAM2003 won by resignation"]

1. b3 Nf6 2. Bb2 g6 3. g3 Bg7 4. Bg2 O-O 5. Nf3 d6 6. O-O e5 7. c4 c6 8. Nc3 Re8 9. Rc1 Nbd7 10. d4 a6 11. dxe5 Nxe5 12. Qd2 Nxf3+ 13. Bxf3 Be6 14. Rfd1 d5 15. cxd5 Nxd5 16. Nxd5 Bxd5 17. Bxg7 Kxg7 18. Bxd5 Qxd5 19. Qxd5 cxd5 20. e3 Rac8 21. Rxc8 Rxc8 22. Rxd5 Rc1+ 23. Kg2 Rc2 24. Ra5 h5 25. h3 Rb2 26.
Kf3 Kf6 27. h4 Ke6 28. e4 Kf6 29. Ke3 Ke6 30. f3 Rg2 31. Kf4 Rb2 32. Ra4 Kf6 33. Rb4 b5 34. a3 Ra2 35. a4 1-0

[Event "Late-Titled-Tuesday-Blitz-November-28-2023"]
[Site "Chess.com"]
[Date "2023.11.28"]
[Round "7"]
[White "Bryanl106"]
[Black "CSB7"]
[Result "1/2-1/2"]
[WhiteElo "2500"]
[BlackElo "2697"]
[TimeControl "180+1"]
[EndTime "15:11:07 PST"]
[Termination "Game drawn by repetition"]

1. e4 e5 2. Nf3 Nc6 3. Nc3 Nf6 4. a3 d5 5. Bb5 Nxe4 6. Qe2 Qd6 7. Nxe4 dxe4 8. Qxe4 Bd7 9. d4 O-O-O 10. dxe5 Nxe5 11.
Bxd7+ Nxd7 12. O-O Nf6 13. Qa4 a6 14. Bf4 Qd7 15.
Qb3 Qd5 16. Qc3 Qc5 17. Qb3 Qd5 18. Qc3 Qc5 19. Qb3 Qd5 1/2-1/2

[Event "Late-Titled-Tuesday-Blitz-November-28-2023"]
[Site "Chess.com"]
[Date "2023.11.28"]
[Round "7"]
[White "Dontmesswithme_2"]
[Black "Tomytoteph"]
[Result "0-1"]
[WhiteElo "2463"]
[BlackElo "2611"]
[TimeControl "180+1"]
[EndTime "15:11:10 PST"]
[Termination "Tomytoteph won by resignation"]

1. d4 Nf6 2. c4 e6 3. g3 c5 4. d5 exd5 5. cxd5 d6 6. Nc3 g6 7. Bg2 Bg7 8. Nf3 O-O 9. O-O a6 10. a4 Re8 11. Bf4 Ne4 12. Nxe4 Rxe4 13. Nd2 Rb4 14. e4 Bxb2 15. Ra2 b5 16. axb5 Rxb5 17. Nc4 Bd4 18. Nxd6 Rb6 19. Nxc8 Qxc8 20. e5 Nd7 21. e6 Nf6 22. d6 fxe6 23. Bxa8 Qxa8 24. Qe2 Qd5 25. Rxa6 Rb2 26. Bh6 Rxe2 27. Ra8+ Qxa8 0-1

[Event "Late-Titled-Tuesday-Blitz-November-28-2023"]
[Site "Chess.com"]
[Date "2023.11.28"]
[Round "7"]
[White "Mikhal867"]
[Black "VladimirBugayev"]
[Result "1-0"]
[WhiteElo "2415"]
[BlackElo "2315"]
[TimeControl "180+1"]
[EndTime "15:11:14 PST"]
[Termination "Mikhal867 won by resignation"]

1. d4 Nf6 2. c4 c5 3. d5 b5 4. Nf3 b4 5. a4 d6 6. b3 g6 7. Bb2 Bg7 8. e4 O-O 9. Bd3 e5 10. dxe6 Bxe6 11. O-O Nc6 12. Bc2 Qc7 13. Qc1 Ne5 14.
Ng5 Nfd7 15. f4 Ng4 16. Bxg7 Kxg7 17. f5 d5 18. Qf4 Bxf5 19. Qxc7 1-0

[Event "Late-Titled-Tuesday-Blitz-November-28-2023"]
[Site "Chess.com"]
[Date "2023.11.28"]
[Round "7"]
[White "Godzillator"]
[Black "Yurasova_Daria"]
[Result "1-0"]
[WhiteElo "2363"]
[BlackElo "2457"]
[TimeControl "180+1"]
[EndTime "15:11:22 PST"]
[Termination "Godzillator won by resignation"]

1. Nf3 Nf6 2. d4 e6 3. b3 c5 4. Bb2 b6 5. e3 Bb7 6. Be2 Be7 7. dxc5 bxc5 8. c4 O-O 9. O-O d5 10. cxd5 exd5 11. Nc3 Nc6 12. Rc1 Rc8 13. Na4 Ne4 14. Nd2 Qa5 15. Nxe4 dxe4 16. Bc4 Nb4 17. Qg4 g6 18.
Qd7 Rc7 19. Qd2 Rd8 20. Qc3 1-0

[Event "Late-Titled-Tuesday-Blitz-November-28-2023"]
[Site "Chess.com"]
[Date "2023.11.28"]
[Round "7"]
[White "maurovargas01"]
[Black "CraiggoryC"]
[Result "0-1"]
[WhiteElo "1834"]
[BlackElo "2187"]
[TimeControl "180+1"]
[EndTime "15:11:24 PST"]
[Termination "CraiggoryC won by checkmate"]

1. e4 e6 2. f4 d5 3. e5 c5 4. Nf3 Nc6 5. Bb5 Bd7 6. Bxc6 Bxc6 7. O-O Nh6 8. d3 Be7 9. h3 Nf5 10. g4 Nh4 11. Nh2 O-O 12. Be3 d4 13. Bf2 Qd5 14. Nf3 Nxf3+ 15. Kg2 Nh4+ 16. Kg3 Qg2# 0-1

[Event "Late-Titled-Tuesday-Blitz-November-28-2023"]
[Site "Chess.com"]
[Date "2023.11.28"]
[Round "7"]
[White "joppie2"]
[Black "Alex_Sahakyan2006"]
[Result "1-0"]
[WhiteElo "3000"]
[BlackElo "2711"]
[TimeControl "180+1"]
[EndTime "15:11:39 PST"]
[Termination "joppie2 won by resignation"]

1. e4 c5 2. Nf3 d6 3. Bb5+ Bd7 4. Bxd7+ Qxd7 5. O-O Nc6 6. Re1 g6 7. c3 Bg7 8. d4 cxd4 9. cxd4 Nf6 10. Nc3 O-O 11. d5 Na5 12. Qd3 Rfc8 13. Bf4 Ng4 14. e5 Nxe5 15.
Nxe5 dxe5 16. Bxe5 Bxe5 17. Rxe5 Nc4 18. Re2 e5 19. b3 Nd6 20. Rxe5 Qc7 21. Re3 Nf5 22. Ree1 Qxc3 23. Re8+ Kg7 24. Qxc3+ Rxc3 25. Rxa8 Rd3 26. Rxa7 b5 27. Rd7 b4 28. h3 h5 29. Rb7 Nd4 30. d6 Ne2+ 31. Kf1 Nc3 32. d7 Kf6 33.
Re1 Nxa2 34. g4 hxg4 35. Re8 Rd1+ 36. Kg2 gxh3+ 37. Kxh3 Rd3+ 38. Kg2 Nc1 39. d8=Q+ Rxd8 40. Rxd8 Nxb3 41. Rxb4 Nc5 42. Rd5 Ne6 43. Rb6 g5 44.
Rxe6+ fxe6 45. Rd1 Kf5 46. Kf3 e5 47. Ke3 g4 48.
Rd5 1-0

[Event "Late-Titled-Tuesday-Blitz-November-28-2023"]
[Site "Chess.com"]
[Date "2023.11.28"]
[Round "7"]
[White "SnekkerAndersen"]
[Black "YellowJacek"]
[Result "1-0"]
[WhiteElo "2544"]
[BlackElo "2347"]
[TimeControl "180+1"]
[EndTime "15:11:40 PST"]
[Termination "SnekkerAndersen won by resignation"]

1. d4 d5 2. c4 c6 3. g3 Nf6 4. Bg2 g6 5. b3 Bg7 6. Bb2 dxc4 7.
bxc4 c5 8. d5 O-O 9. Nf3 Qb6 10.
Qc1 Bf5 11. Nbd2 Na6 12. O-O Nb4 13. Nh4 Bg4 14. a3 Na6 15. Re1 Bd7 16. e4 Ng4 17.
Rb1 Qc7 18. Bxg7 Kxg7 19. f4 Ba4 20. Qc3+ f6 21. h3 Nh6 22. e5 Nf7 23. d6 exd6 24. Rxb7 Qc8 25. e6 Bc6 26. Rxf7+ Rxf7 27. exf7 Bxg2 28.
Kxg2 Kxf7 29. Ne4 1-0

[Event "Late-Titled-Tuesday-Blitz-November-28-2023"]
[Site "Chess.com"]
[Date "2023.11.28"]
[Round "7"]
[White "expii"]
[Black "The_Princess_Moon"]
[Result "0-1"]
[WhiteElo "2231"]
[BlackElo "2384"]
[TimeControl "180+1"]
[EndTime "15:11:40 PST"]
[Termination "The_Princess_Moon won by resignation"]

1. e4 c5 2. Nf3 a6 3. d4 cxd4 4. Nxd4 Nf6 5. Nc3 e5 6. Nde2 Bc5 7. h3 Qb6 8. Be3 Bxe3 9. fxe3 Qxe3 10. Qd3 Qb6 11.
b3 O-O 12. Ng3 Nc6 13. Nf5 Nb4 14. Qd1 d5 15. Ne7+ Kh8 16. Nexd5 Nfxd5 17. Nxd5 Nxd5 18. Qxd5 Qe3+ 19. Be2 Qg3+ 20. Kf1 Be6 21. Qc5 Rac8 22. Qb4 f5 0-1

[Event "Late-Titled-Tuesday-Blitz-November-28-2023"]
[Site "Chess.com"]
[Date "2023.11.28"]
[Round "7"]
[White "DawnofEpiphany"]
[Black "FuenfgegenWilly"]
[Result "1-0"]
[WhiteElo "2643"]
[BlackElo "2485"]
[TimeControl "180+1"]
[EndTime "15:11:56 PST"]
[Termination "DawnofEpiphany won by resignation"]

1. Nf3 f5 2. d3 Nc6 3. e4 e5 4.
d4 fxe4 5. Nxe5 Qf6 6. Nc3 Bb4 7. Nxc6 bxc6 8. Qh5+ g6 9. Qe5+ Qxe5 10. dxe5 d5 11. Bd2 Ne7 12. Nxe4 Bxd2+ 13. Nxd2 O-O 14. Bd3 c5 15. c3 Nc6 16. O-O Nxe5 17. Bc2 Bf5 18. Bxf5 Rxf5 19. Nb3 c4 20. Nd4 Rf6 21. Rfe1 Nd3 22.
Re2 Raf8 23. f3 c5 24. Nc2 Nxb2 25. Ne3 Rd8 26. Rxb2 Re6 27. Kf2 Rde8 28. Nxd5 Re5 29. Rd1 g5 30. Nf6+ 1-0

[Event "Late-Titled-Tuesday-Blitz-November-28-2023"]
[Site "Chess.com"]
[Date "2023.11.28"]
[Round "7"]
[White "LaGuayabaAlbizuista"]
[Black "picturesquecheck"]
[Result "0-1"]
[WhiteElo "1992"]
[BlackElo "2366"]
[TimeControl "180+1"]
[EndTime "15:11:57 PST"]
[Termination "picturesquecheck won by resignation"]

1. e4 c6 2. d4 d5 3. f3 e6 4. Nc3 Bb4 5. Qd3 Ne7 6. Be3 Nd7 7. Ne2 c5 8. O-O-O c4 9. Qd2 b5 10. Bg5 Bb7 11. e5 Qa5 12. Bxe7 Bxe7 13. Kb1 b4 14. Nxd5 Bxd5 15. Nf4 c3 0-1

[Event "Late-Titled-Tuesday-Blitz-November-28-2023"]
[Site "Chess.com"]
[Date "2023.11.28"]
[Round "7"]
[White "LUISMIGUELOV"]
[Black "Brahianzevich"]
[Result "1-0"]
[WhiteElo "2198"]
[BlackElo "2414"]
[TimeControl "180+1"]
[EndTime "15:12:12 PST"]
[Termination "LUISMIGUELOV won by resignation"]

1. e4 c5 2. d4 cxd4 3. c3 Nf6 4. e5 Nd5 5. cxd4 e6 6. Bc4 d6 7. Nf3 Nc6 8. Bxd5 exd5 9. Nc3 Be6 10. Bf4 dxe5 11. Nxe5 Nxe5 12. Bxe5 Bb4 13. O-O O-O 14. Qf3 Rc8 15. Qg3 f6 16. Bf4 Bxc3 17. bxc3 Qd7 18. Rfe1 Rc4 19. Bh6 Bf5 20. Re3 Kh8 21. Rae1 Rc7 22.
Bf4 Bg6 23. Bxc7 1-0

[Event "Late-Titled-Tuesday-Blitz-November-28-2023"]
[Site "Chess.com"]
[Date "2023.11.28"]
[Round "7"]
[White "gabduschew"]
[Black "ahkashefi2800"]
[Result "0-1"]
[WhiteElo "2439"]
[BlackElo "2568"]
[TimeControl "180+1"]
[EndTime "15:12:15 PST"]
[Termination "ahkashefi2800 won by resignation"]

1. b3 d5 2. Bb2 c6 3. e3 Nf6 4. f4 Bg4 5. Nf3 Nbd7 6. Be2 g6 7.
h3 Bxf3 8. Bxf3 Bg7 9. d4 O-O 10. Nd2 a5 11. a4 e6 12. O-O Rc8 13. e4 dxe4 14. Nxe4 Nxe4 15. Bxe4 Nf6 16. Bf3 Nd5 17. Qd2 Qh4 18. Qxa5 Nxf4 19. Qb4 c5 20. Qxb7 cxd4 21. Rac1 Qg3 22. Kh1 Bh6 23. Bxd4 Nxh3 24. gxh3 Bf4 25.
Bg1 Qxh3+ 0-1

[Event "Late-Titled-Tuesday-Blitz-November-28-2023"]
[Site "Chess.com"]
[Date "2023.11.28"]
[Round "7"]
[White "Byniolus"]
[Black "HalfIsCrayfish"]
[Result "1-0"]
[WhiteElo "2787"]
[BlackElo "2598"]
[TimeControl "180+1"]
[EndTime "15:12:23 PST"]
[Termination "Byniolus won by resignation"]

1. d4 Nf6 2. Nf3 g6 3. Bf4 Bg7 4. e3 O-O 5. Be2 d6 6. h3 c5 7. c3 b6 8. a4 a6 9. O-O Bb7 10.
Nbd2 Nfd7 11. Bh2 Nc6 12. Re1 Re8 13. Bg3 Rc8 14. Bd3 e5 15. Nc4 Qc7 16. dxe5 Ncxe5 17. Be2 Bxf3 18. gxf3 Nxc4 19. Bxc4 Ne5 20. Bxa6 Red8 21.
Bxc8 1-0

[Event "Late-Titled-Tuesday-Blitz-November-28-2023"]
[Site "Chess.com"]
[Date "2023.11.28"]
[Round "7"]
[White "Ali_rastbod"]
[Black "karinachess1"]
[Result "0-1"]
[WhiteElo "2772"]
[BlackElo "2616"]
[TimeControl "180+1"]
[EndTime "15:12:30 PST"]
[Termination "karinachess1 won by resignation"]

1. d4 Nf6 2. Nf3 e6 3. e3 d5 4. Bd3 c5 5. Nbd2 Nc6 6. c3 Bd6 7.
dxc5 Bxc5 8. O-O O-O 9. e4 dxe4 10. Nxe4 Be7 11. Qe2 Qc7 12. Bg5 Nd5 13. Bxe7 Ncxe7 14. Neg5 h6 15. Ne4 Nf4 16. Qe3 Ned5 17. Qd2 Rd8 18. Bc2 Nb4 19. Nd4 Nxc2 20. Qxc2 Rxd4 21. Rad1 Rxd1 22.
Rxd1 Bd7 23. g3 Ng6 24. h4 Bc6 25. h5 Ne5 26. Nd6 Rd8 0-1

[Event "Late-Titled-Tuesday-Blitz-November-28-2023"]
[Site "Chess.com"]
[Date "2023.11.28"]
[Round "7"]
[White "1800_strength"]
[Black "TrenerChos"]
[Result "1-0"]
[WhiteElo "2799"]
[BlackElo "2597"]
[TimeControl "180+1"]
[EndTime "15:12:41 PST"]
[Termination "1800_strength won by resignation"]

1. g4 d5 2. Bg2 Nc6 3. g5 e5 4. d3 Be7 5. h4 f6 6. Nf3 f5 7. d4 e4 8. Ne5 Nxe5 9. dxe5 Bc5 10. c4 Ne7 11. cxd5 Nxd5 12. Qb3 Be6 13. Qb5+ Kf7 14. Qxc5 b6 15. Qa3 c5 16. Qg3 Nb4 17.
Na3 Nc6 18. Be3 a6 19. Rd1 Qc7 20. Rd6 Rad8 21. Bf4 Nd4 22. h5 g6 23. hxg6+ hxg6 24. Rh6 b5 25. Qh4 Rxh6 26. gxh6 Rxd6 27. Qf6+ Ke8 28.
exd6 Qa5+ 29. Bd2 1-0

[Event "Late-Titled-Tuesday-Blitz-November-28-2023"]
[Site "Chess.com"]
[Date "2023.11.28"]
[Round "7"]
[White "venturov"]
[Black "Sacbutt"]
[Result "1/2-1/2"]
[WhiteElo "2471"]
[BlackElo "2353"]
[TimeControl "180+1"]
[EndTime "15:12:44 PST"]
[Termination "Game drawn by repetition"]

1. Nf3 e6 2. g3 d5 3. Bg2 Nf6 4. O-O Be7 5. d3 O-O 6. Nbd2 c5 7. e4 Nc6 8. Re1 b5 9. e5 Nd7 10. Nf1 a5 11. h4 Bb7 12. Bf4 b4 13. Ne3 Re8 14.
h5 h6 15. Ng4 Bf8 16. Qd2 a4 17. Nxh6+ gxh6 18. Bxh6 f6 19. Qf4 Bxh6 20. Qxh6 Ncxe5 21. Nxe5 Nxe5 22. f4 Nd7 23. Qg6+ Kh8 24. Qh6+ Kg8 25. Qg6+ Kh8 26. Qh6+ Kg8 1/2-1/2

[Event "Late-Titled-Tuesday-Blitz-November-28-2023"]
[Site "Chess.com"]
[Date "2023.11.28"]
[Round "7"]
[White "Perecke"]
[Black "kingofthenil"]
[Result "0-1"]
[WhiteElo "2499"]
[BlackElo "2697"]
[TimeControl "180+1"]
[EndTime "15:12:51 PST"]
[Termination "kingofthenil won by checkmate"]

1. e4 Nc6 2. Nf3 d5 3. exd5 Qxd5 4. Nc3 Qh5 5. Be2 Bg4 6. O-O O-O-O 7. h3 Bxh3 8. gxh3 Qxh3 9. Nh2 e6 10. d3 Nf6 11.
Bf4 g5 12. Bg3 h5 13. Nb5 a6 14. a4 h4 15. Bxc7 axb5 16. axb5 Kxc7 17. bxc6 Bd6 18. f4 gxf4 19. Bf3 Rhg8+ 20. Kh1 Nh5 21. Bxh5 Qg2# 0-1

[Event "Late-Titled-Tuesday-Blitz-November-28-2023"]
[Site "Chess.com"]
[Date "2023.11.28"]
[Round "7"]
[White "tolimachess"]
[Black "GoValya"]
[Result "1-0"]
[WhiteElo "2384"]
[BlackElo "2211"]
[TimeControl "180+1"]
[EndTime "15:13:24 PST"]
[Termination "tolimachess won by resignation"]

1. e4 e6 2. d4 d5 3. e5 c5 4. c3 Nc6 5. Nf3 Nge7 6. Bd3 cxd4 7. cxd4 Nf5 8. Bxf5 exf5 9. O-O Be7 10. a3 Be6 11. b4 g5 12. Nc3 h5 13. Qd3 g4 14.
Nd2 h4 15. Nb3 Bg5 16. Ne2 Bxc1 17. Raxc1 Qg5 18. Qe3 Qxe3 19. fxe3 Ke7 20. Nf4 Rag8 21. Nc5 g3 22. Nxb7 gxh2+ 23. Kxh2 Nb8 24. Rc7+ Nd7 25. Nc5 Rc8 26. Nfxe6 fxe6 27. Rxd7+ Ke8 28. Rxa7 h3 29. gxh3 Rh6 30. Rg1 Kf8 31. Nd7+ 1-0

[Event "Late-Titled-Tuesday-Blitz-November-28-2023"]
[Site "Chess.com"]
[Date "2023.11.28"]
[Round "7"]
[White "2Killer2"]
[Black "DamianoLew95"]
[Result "1-0"]
[WhiteElo "2560"]
[BlackElo "2728"]
[TimeControl "180+1"]
[EndTime "15:13:29 PST"]
[Termination "2Killer2 won by resignation"]

1. d4 Nf6 2. c4 e6 3. Nc3 b6 4. e4 d6 5. Bd3 Bb7 6. f4 Be7 7.
Nf3 a6 8. O-O c5 9. d5 exd5 10.
cxd5 b5 11. a4 c4 12. Bc2 Nbd7 13. axb5 axb5 14. Rxa8 Qxa8 15. Nxb5 O-O 16. Nfd4 Qa5 17. Bd2 Qb6 18. Be3 Nc5 19. Nf5 Re8 20. Na3 Bf8 21.
Nxc4 Qb4 22. Ncxd6 Ncxe4 23. Nxe8 Nxe8 24. Qd4 Qxd4 25. Bxd4 Bxd5 26. Bxe4 Bxe4 27. Re1 Bc6 28. Ne7+ Bxe7 29.
Rxe7 f6 30. b4 1-0

[Event "Late-Titled-Tuesday-Blitz-November-28-2023"]
[Site "Chess.com"]
[Date "2023.11.28"]
[Round "7"]
[White "oogee"]
[Black "The_Straightforward_Rook"]
[Result "0-1"]
[WhiteElo "2317"]
[BlackElo "2456"]
[TimeControl "180+1"]
[EndTime "15:13:33 PST"]
[Termination "The_Straightforward_Rook won by resignation"]

1. Nf3 Nf6 2. c4 e6 3. Nc3 Bb4 4. g3 O-O 5. Bg2 d5 6. O-O d4 7. Nb5 Nc6 8. a3 Be7 9. a4 e5 10. Re1 h6 11. e3 d3 12. Nc3 Nb4 13. Rf1 Bg4 14. Qb3 e4 15. Nd4 c5 16. Ndb5 a6 17.
Na3 Bf3 18. Bh3 Qd6 19. Re1 g5 20. a5 Kg7 21. Na4 h5 22. Nb1 h4 23. Nb6 Rad8 24.
Nc3 Rh8 25. Bf1 Nc2 26. Rd1 Nxa1 27. Qa4 Nc2 28. Nbd5 Nxd5 29. cxd5 hxg3 30. fxg3 Rh6 0-1

[Event "Late-Titled-Tuesday-Blitz-November-28-2023"]
[Site "Chess.com"]
[Date "2023.11.28"]
[Round "7"]
[White "GlavkonVVS"]
[Black "Sulthankan"]
[Result "1-0"]
[WhiteElo "2503"]
[BlackElo "2379"]
[TimeControl "180+1"]
[EndTime "15:13:36 PST"]
[Termination "GlavkonVVS won by resignation"]

1. c4 e5 2. Nc3 Nf6 3. g3 c6 4. Bg2 d5 5. cxd5 cxd5 6. Qb3 Nc6 7. Nxd5 Nd4 8. Nxf6+ Qxf6 9. Qd1 Bf5 10. d3 Bc5 11. Nf3 Nxf3+ 12. Bxf3 O-O 13. O-O Bh3 14. Bg2 Bg4 15. Bxb7 Rab8 16. Bf3 Bxf3 17. exf3 Rfd8 18. Qe2 Bd4 19. Rb1 Qa6 20. b3 Bc3 21.
Rd1 Rd5 22. Qe4 Rbd8 23. Bg5 f6 24. Be3 Rxd3 25. Rxd3 Rxd3 26. Bxa7 Rd7 27. Be3 Qxa2 28. Qc4+ Kf8 29. Rc1 Bd4 30. Qc8+ Ke7 31. Bxd4 exd4 32. Re1+ Kd6 33. Qc4 1-0

[Event "Late-Titled-Tuesday-Blitz-November-28-2023"]
[Site "Chess.com"]
[Date "2023.11.28"]
[Round "7"]
[White "djano"]
[Black "Korchmar_Vasiliy"]
[Result "1-0"]
[WhiteElo "2594"]
[BlackElo "2720"]
[TimeControl "180+1"]
[EndTime "15:13:41 PST"]
[Termination "djano won by checkmate"]

1. e4 c5 2. Nc3 d6 3. Bc4 e6 4. Nf3 Nf6 5. d3 Nc6 6. O-O Be7 7. a3 O-O 8. Ba2 a6 9. Ne2 b5 10. Ng3 Bb7 11. c3 Ne5 12. Re1 h6 13. h3 Rc8 14.
Nh2 c4 15. dxc4 bxc4 16. Bb1 Nfd7 17. Ng4 Nc5 18. Nxe5 dxe5 19. Qh5 Nb3 20. Rd1 Qb6 21.
Bxh6 gxh6 22. Qxh6 Rfd8 23. Nh5 Rxd1+ 24. Kh2 Bf8 25.
Nf6# 1-0

[Event "Late-Titled-Tuesday-Blitz-November-28-2023"]
[Site "Chess.com"]
[Date "2023.11.28"]
[Round "7"]
[White "NigelDwarf"]
[Black "elchacal664"]
[Result "1-0"]
[WhiteElo "2564"]
[BlackElo "2364"]
[TimeControl "180+1"]
[EndTime "15:13:51 PST"]
[Termination "NigelDwarf won by resignation"]

1. e4 c5 2. d4 cxd4 3. c3 d3 4.
Bxd3 g6 5. c4 Bg7 6. Nc3 d6 7.
Be3 Nf6 8. f3 O-O 9. Nge2 Nc6 10. O-O a6 11. b3 Nd7 12. Rc1 Rb8 13. a4 Nb4 14. Bb1 Nc5 15. Nf4 Re8 16. Nfd5 Nxd5 17.
Nxd5 e6 18. Nc3 Qb6 19. b4 Qxb4 20. Qxd6 Bxc3 21. Bxc5 Qxc4 22. Rxc3 Qxc3 23. Bd4 Qc6 24. Qxb8 e5 25. Bf2 Qxa4 26. Qc7 Qd7 27. Qc5 Qe7 28. Qc3 f6 29. Ba2+ Be6 30. Bd5 Bxd5 31. exd5 Rd8 32. Rd1 Qf7 33. d6 Rd7 34. Bb6 h5 35. Qc8+ Kh7 36.
Bd8 Qe6 37. Be7 Rxe7 38. Qxe6 Rxe6 39. d7 1-0

[Event "Late-Titled-Tuesday-Blitz-November-28-2023"]
[Site "Chess.com"]
[Date "2023.11.28"]
[Round "7"]
[White "FM_Kappeler"]
[Black "Hypercar"]
[Result "0-1"]
[WhiteElo "2332"]
[BlackElo "2527"]
[TimeControl "180+1"]
[EndTime "15:13:53 PST"]
[Termination "Hypercar won on time"]

1. d4 d5 2. c4 Nf6 3. cxd5 Nxd5 4. Nf3 Bf5 5. a3 Nc6 6. g3 g6 7. Bg2 Bg7 8. O-O O-O 9. Re1 Be4 10. Nbd2 f5 11. Nxe4 fxe4 12. Ng5 Nxd4 13. Be3 Nxe3 14. fxe3 Nf5 15. Qb3+ Kh8 16. Ne6 Qd2 17. Nxf8 Rxf8 18.
Rad1 Qxe3+ 19. Qxe3 Nxe3 20. Rd7 c5 21. Bxe4 Bxb2 22.
Rb1 Bd4 23. Rxe7 Nd5+ 24. Kg2 Nxe7 25. Rxb7 Nf5 26. Rxa7 Nd6 27. Bd5 g5 28. Rd7 g4 29.
h4 Rf2+ 30. Kh1 Nf5 31. Rd8+ Kg7 32. Rg8+ Kf6 33. Rxg4 h5 34. Rg5 Rxe2 0-1

[Event "Late-Titled-Tuesday-Blitz-November-28-2023"]
[Site "Chess.com"]
[Date "2023.11.28"]
[Round "7"]
[White "OPQRC"]
[Black "PapaieDudu"]
[Result "0-1"]
[WhiteElo "2530"]
[BlackElo "2427"]
[TimeControl "180+1"]
[EndTime "15:13:54 PST"]
[Termination "PapaieDudu won by resignation"]

1. e4 c5 2. Nf3 d6 3. b4 cxb4 4.
Bb2 Nf6 5. Bb5+ Bd7 6. Qe2 Nc6 7. O-O e6 8. d4 d5 9. Nbd2 dxe4 10. Nxe4 Nxe4 11.
Qxe4 Be7 12. Bd3 f5 13. Qf4 O-O 14. Rfe1 Bf6 15. Ne5 Ne7 16. Nxd7 Qxd7 17. Bc4 Nd5 18. Qf3 Rad8 19. Re2 Rfe8 20. Rae1 Qc6 21. Bb3 b5 22. g4 fxg4 23. Qxg4 Rd6 24. Qh5 a5 25. c4 Nf4 26.
Qg4 Nxe2+ 27. Rxe2 bxc4 28. Bc2 c3 29. Be4 Rxd4 30. Bc1 Qd7 31. Bh6 e5 32. Qg3 Kh8 33. Bg5 c2 34. Qh4 c1=Q+ 35. Bxc1 Bxh4 0-1

[Event "Late-Titled-Tuesday-Blitz-November-28-2023"]
[Site "Chess.com"]
[Date "2023.11.28"]
[Round "7"]
[White "KVAIDAN"]
[Black "WPWPWP-2015"]
[Result "0-1"]
[WhiteElo "2381"]
[BlackElo "2536"]
[TimeControl "180+1"]
[EndTime "15:14:05 PST"]
[Termination "WPWPWP-2015 won by resignation"]

1. f4 Nf6 2. Nf3 c5 3. d3 d5 4. e3 Nc6 5. Be2 Qc7 6. O-O e5 7. c4 e4 8. dxe4 dxe4 9. Nfd2 h5 10. Nc3 Bf5 11. Nd5 Qd7 12. Nxf6+ gxf6 13. Qc2 Nb4 14.
Qb3 O-O-O 15. a3 Nd3 16. Qc3 Nxc1 17. Raxc1 Qxd2 18. Qxf6 Qxe2 19. Qxh8 Qxe3+ 20. Kh1 Bd6 21. Qxh5 Be6 22. Rce1 Qd4 23. b3 f5 24. Qg6 Kd7 25. Rd1 Qh8 26. Rd2 Rg8 27. Qxg8 Bxg8 28. Rfd1 Qf6 29.
Kg1 b5 30. cxb5 Bxb3 31. Kf2 Bxd1 32. Rxd1 Qb2+ 0-1

[Event "Late-Titled-Tuesday-Blitz-November-28-2023"]
[Site "Chess.com"]
[Date "2023.11.28"]
[Round "7"]
[White "DvaHrasta"]
[Black "Hirna2005"]
[Result "1/2-1/2"]
[WhiteElo "2492"]
[BlackElo "2347"]
[TimeControl "180+1"]
[EndTime "15:14:05 PST"]
[Termination "Game drawn by repetition"]

1. c4 g6 2. g3 Bg7 3. Bg2 d6 4. Nc3 c5 5. Nf3 Nc6 6. O-O Nf6 7. d4 cxd4 8. Nxd4 Bd7 9. b3 O-O 10. Bb2 Nxd4 11. Qxd4 Bc6 12. Nd5 Nh5 13. Qd2 e6 14.
Bxg7 Nxg7 15. Ne3 Bxg2 16. Kxg2 Qc7 17. Rfd1 Rfd8 18. Rac1 a5 19. h4 a4 20. b4 Qc6+ 21. f3 h5 22. c5 dxc5 23. Qxd8+ Rxd8 24. Rxd8+ Kh7 25. Rxc5 Qb6 26. Rcc8 g5 27. Nc4 Qxb4 28.
hxg5 Qe1 29. Rh8+ Kg6 30. Ne5+ Kf5 31. f4 Qxe2+ 32. Kg1 Ke4 33. Rc4+ Ke3 34. Rd8 Qe1+ 35. Kg2 Qf2+ 36. Kh1 Qe1+ 37. Kg2 Qe2+ 38. Kg1 Qf2+ 39. Kh1 Qe1+ 40. Kg2 1/2-1/2

[Event "Late-Titled-Tuesday-Blitz-November-28-2023"]
[Site "Chess.com"]
[Date "2023.11.28"]
[Round "7"]
[White "jefferyx"]
[Black "Hikaru"]
[Result "0-1"]
[WhiteElo "2982"]
[BlackElo "3217"]
[TimeControl "180+1"]
[EndTime "15:14:06 PST"]
[Termination "Hikaru won on time"]

1. c4 g6 2. d4 Bg7 3. e4 d6 4.
Nc3 a6 5. h4 Nf6 6. Be2 h5 7.
Nf3 Bg4 8. Be3 Nfd7 9. Ng5 Bxe2 10. Qxe2 c5 11. d5 Ne5 12. f3 Nbd7 13. O-O O-O 14.
Rfc1 Qa5 15. a3 Rfb8 16. Bd2 b5 17. cxb5 axb5 18. Nd1 b4 19. Nf2 Qd8 20. axb4 Rxa1 21. Rxa1 cxb4 22. Ra7 Nc5 23. Be3 Ned7 24. f4 Ra8 25.
Rxa8 Qxa8 26. Nd1 Qa1 27. Kh2 Qb1 28. Bxc5 Nxc5 0-1

[Event "Late-Titled-Tuesday-Blitz-November-28-2023"]
[Site "Chess.com"]
[Date "2023.11.28"]
[Round "7"]
[White "noblerone"]
[Black "Harry_Rakkel"]
[Result "0-1"]
[WhiteElo "2489"]
[BlackElo "2664"]
[TimeControl "180+1"]
[EndTime "15:14:06 PST"]
[Termination "Harry_Rakkel won on time"]

1. e4 c5 2. Nf3 e6 3. d4 cxd4 4.
Nxd4 Nc6 5. Nc3 Qc7 6. Ndb5 Qb8 7. Be3 a6 8. Bb6 axb5 9. Nxb5 Bb4+ 10. c3 Ba5 11.
Nc7+ Qxc7 12. Bxc7 Bxc7 13. Qg4 g6 14. Be2 Nf6 15.
Qf3 Bd8 16. Qe3 Ra5 17. O-O Re5 18. f3 d5 19. Bd3 O-O 20. b4 dxe4 21. fxe4 Nd5 22.
Qd2 Bb6+ 23. Kh1 Ne3 24. Rf3 Ng4 25. h3 Rh5 26. Raf1 Nce5 27. Rg3 Bd7 0-1

[Event "Late-Titled-Tuesday-Blitz-November-28-2023"]
[Site "Chess.com"]
[Date "2023.11.28"]
[Round "7"]
[White "Goffredo_Fofi"]
[Black "Andrei_Skvortsov"]
[Result "0-1"]
[WhiteElo "2531"]
[BlackElo "2761"]
[TimeControl "180+1"]
[EndTime "15:14:08 PST"]
[Termination "Andrei_Skvortsov won by resignation"]

1. e4 d5 2. exd5 Qxd5 3. Nc3 Qe5+ 4. Be2 Bg4 5. d4 Bxe2 6. Ngxe2 Qa5 7. O-O Nf6 8. d5 c6 9. Nf4 cxd5 10. Nfxd5 Nxd5 11. Nxd5 Nc6 12. Bf4 O-O-O 13. c4 e6 14. Bd2 Qa6 15.
Ne3 Bb4 16. Nd5 exd5 17. Bxb4 Nxb4 18. Qb3 Qb6 19. Rac1 dxc4 20. Rxc4+ Nc6 21. Qg3 g6 22. Rfc1 Qc7 23. Qc3 a6 24. b4 Rhe8 25. a4 Rd5 26.
h3 Red8 27. Qb3 Qb6 28. Qg3 Rd1+ 29. Rxd1 Rxd1+ 30. Kh2 Rd4 31. a5 Qc7 0-1